 Dungeon Crawl Stone Soup version 0.29-a0-322-g68df515428 (webtiles) character file.

Game seed: 166530881256869667

230 esteth the Archer (level 6, -1/50 HPs)
             Began as a Gnoll Hunter on Apr 5, 2022.
             Slain by a steam dragon (2 damage)
             ... on level 4 of the Dungeon.
             The game lasted 00:04:22 (2722 turns).

esteth the Archer (Gnoll Hunter)                    Turns: 2722, Time: 00:04:22

Health: -1/50      AC:  4    Str: 10    XL:     6   Next: 3%
Magic:  8/8        EV: 14    Int:  8    God:
Gold:   161        SH:  0    Dex: 18    Spells: 8/8 levels left

rFire   . . .      SeeInvis +   a - +1 shortbow
rCold   . . .      Faith    .   (shield currently unavailable)
rNeg    . . .      Spirit   .   b - +0 leather armour
rPois   .          Reflect  .   (no helmet)
rElec   .          Harm     .   (no cloak)
rCorr   .          Rampage  .   (no gloves)
Will    .....                   h - +0 pair of boots
Stlth   ++........              (no amulet)
HPRegen 0.16/turn               v - ring of see invisible
MPRegen 0.11/turn               (no ring)

@: no status effects
A: fangs 1, strong nose, distributed training
a: no special abilities


You were on level 4 of the Dungeon.
You visited 1 branch of the dungeon, and saw 4 of its levels.

You collected 161 gold pieces.


Innate Abilities, Weirdness & Mutations

You have very sharp teeth.
Your uncanny sense of smell can sniff out nearby items.
Your experience applies equally to all skills.


   Skills:
 + Level 4.9 Fighting
 + Level 1.7 Short Blades
 + Level 1.7 Long Blades
 + Level 1.7 Axes
 + Level 1.7 Maces & Flails
 + Level 1.7 Polearms
 + Level 1.7 Staves
 + Level 1.7 Slings
 + Level 8.7 Bows
 + Level 1.7 Crossbows
 + Level 1.7 Throwing
 + Level 1.7 Armour
 + Level 4.9 Dodging
 + Level 2.9 Stealth
 + Level 1.7 Shields
 + Level 1.7 Unarmed Combat
 + Level 1.7 Spellcasting
 + Level 1.3 Conjurations
 + Level 1.3 Hexes
 + Level 1.3 Summonings
 + Level 1.3 Necromancy
 + Level 1.3 Translocations
 + Level 1.3 Transmutations
 + Level 1.3 Fire Magic
 + Level 1.3 Ice Magic
 + Level 1.3 Air Magic
 + Level 1.3 Earth Magic
 + Level 1.3 Poison Magic
 + Level 2.0 Invocations
 + Level 1.7 Evocations


You had 8 spell levels left.
You didn't know any spells.
Your spell library contained the following spells:

 Spells                   Type           Power      Damage    Failure   Level
 Summon Small Mammal      Summ           8%         N/A       28%         1
 Ensorcelled Hibernation  Hex/Ice        4%         N/A       38%         2
 Call Canine Familiar     Summ           2%         N/A       63%         3
 Frozen Ramparts          Ice            4%         1d2       63%         3
 Spider Form              Tmut/Pois      2%         N/A       63%         3
 Summon Guardian Golem    Hex/Summ       2%         N/A       63%         3
 Anguish                  Hex/Necr       1%         N/A       95%         4
 Ice Form                 Ice/Tmut       2%         N/A       95%         4
 Summon Ice Beast         Ice/Summ       2%         N/A       95%         4
 Freezing Cloud           Conj/Ice/Air   1%         6-21      100%        5
 Simulacrum               Ice/Necr       1%         N/A       100%        6
 Polar Vortex             Ice            1%         N/A       100%        9

Inventory:

Hand Weapons
 a - a +1 shortbow (weapon)
 m - the +9 spear of Wrongful Imprisonment {antimagic, Str+3 Dex+4}
   (You found it on level 2 of the Dungeon)

   It reduces the magical energy of the wielder, and disrupts the spells and
   magical abilities of those it strikes.
   Natural abilities and divine invocations are not affected.
   Str:       It affects your strength (+3).
   Dex:       It affects your dexterity (+4).
Missiles
 d - 70 stones
Armour
 b - a +0 leather armour (worn)
 h - a +0 pair of boots (worn)
   (You found it on level 1 of the Dungeon)
 i - a +0 ring mail
   (You found it on level 1 of the Dungeon)
 n - a +0 robe
   (You found it on level 2 of the Dungeon)
 t - a +0 leather armour
   (You found it on level 3 of the Dungeon)
 x - a +0 leather armour
   (You took it off an orc on level 4 of the Dungeon)
 y - a +0 chain mail
   (You took it off an orc on level 4 of the Dungeon)
Jewellery
 v - a ring of see invisible (left hand)
   (You found it on level 2 of the Dungeon)
Scrolls
 c - 2 scrolls of immolation {!r!r}
 e - a scroll of fog {unknown}
 f - a scroll of fear {unknown}
 q - a scroll of enchant armour {unknown}
 r - a scroll of magic mapping {unknown}
 w - a scroll of teleportation {unknown}
Potions
 j - a potion of haste {unknown}
 k - 2 potions of mutation {unknown}
 l - a potion of attraction {unknown}
 o - a potion of resistance {unknown}
 p - a potion of might {unknown}
 s - a potion of cancellation {unknown}
 u - a potion of brilliance {unknown}

Dungeon Overview and Level Annotations

Branches:
Dungeon (4/15)
 Temple: D:4-7

Altars:
Dithmenos
Elyvilon
Kikubaaqudgha

Shops:
D:2

? .....................+
###.####.###.#.#.....#
###.#..........#.....#
.........#####.#.....#
####..#...# #.......#
#..#...#######....# โˆ†
####..#...##...#######
......#...##...#.n..#
###...#...##...#@D..######D###.
...........+...ยง........)......
.....#######..ยง############.#..
..........)....#
....########'### ....# #....##
....#######.....+ โˆ†
................#
.......)........#


You could see a steam dragon and a necrophage.


Message History

You take 4 damage, and now have 39/43 hp.
You shoot an arrow. The arrow hits the adder!
You kill the adder!
You shoot an arrow. The arrow hits the orc.
The orc hits you with a +0 mace. ๐Ÿ˜• HP[-2]
You take 2 damage, and now have 37/43 hp.
You shoot an arrow. The arrow hits the orc!
You kill the orc!
The adder barely misses you.
You shoot an arrow. The arrow hits the adder!
The adder closely misses you.
You shoot an arrow. The arrow hits the adder!
You kill the adder!
You hear an angry hiss.
Your Invocations skill increases to level 2!
You have reached level 6! ๐Ÿ˜• HP[+7] MP[+1]
You now have 50 max hp (+7).
You regained 7 hp, and now have 44/50 hp.
Your mp is fully restored (8).
A steam dragon comes into view.
You shoot an arrow. The arrow hits the steam dragon.
The steam dragon breathes steam at you. The ball of steam misses you.
You hear a bark!
You hear a shout!
No target in view!
No target in view!
Shoot: a) +1 shortbow
Press: ? - help, Shift-Dir - straight line, f/p - steam dragon
Aim: a steam dragon (steam, lightly wounded, 68% to hit)
You shoot an arrow.
The arrow hits the steam dragon! ๐Ÿ˜• HP[+1]
The steam dragon breathes steam at you. The ball of steam misses you.
Shoot: a) +1 shortbow
Press: ? - help, Shift-Dir - straight line You shoot an arrow.
Shoot: a) +1 shortbow
Press: ? - help, Shift-Dir - straight line, f - steam dragon
Aim: a steam dragon (steam, moderately wounded, catching its breath, 68% to hit)
You shoot an arrow. The arrow hits the steam dragon.
The steam dragon misses you. The steam dragon claws you.
A necrophage comes into view. ๐Ÿ˜• HP[-1]
You take 1 damage, and now have 44/50 hp.
Shoot: a) +1 shortbow
Press: ? - help, Shift-Dir - straight line, f/p - steam dragon
Aim: a steam dragon (steam, heavily wounded, 68% to hit)
You shoot an arrow. The arrow hits the steam dragon.
The steam dragon misses you. The steam dragon claws you. ๐Ÿ˜• HP[-2]
You take 2 damage, and now have 42/50 hp.
Shoot: a) +1 shortbow
Press: ? - help, Shift-Dir - straight line, f/p - steam dragon
Aim: a steam dragon (severely wounded, 68% to hit)
You shoot an arrow.
The arrow closely misses the steam dragon.
The steam dragon breathes steam at you. The ball of steam hits you!!
* * * LOW HITPOINT WARNING * * *
๐Ÿ˜จ HP[-20]
You take 20 damage, and now have 22/50 hp.
MASSIVE DAMAGE!! (PAUSE)
The steam dragon attacks as you move away!
The steam dragon misses you. The steam dragon closely misses you.
Shoot: a) +1 shortbow
Press: ? - help, Shift-Dir - straight line, f/p - steam dragon
Aim: a steam dragon (severely wounded, 68% to hit)
You shoot an arrow. The arrow hits the steam dragon.
The steam dragon barely misses you. The steam dragon claws you.
* * * LOW HITPOINT WARNING * * *
๐Ÿ˜จ HP[-2]
You take 2 damage, and now have 20/50 hp.
The steam dragon breathes steam at you. The ball of steam hits you!
* * * LOW HITPOINT WARNING * * *
You hear a shout! ๐Ÿ˜ฑ HP[-12]
You take 12 damage, and now have 8/50 hp.
MASSIVE DAMAGE!! (PAUSE)
You feel better. ๐Ÿ˜จ HP[+8]
You regained 8 hp, and now have 16/50 hp.
Shoot: a) +1 shortbow
Press: ? - help, Shift-Dir - straight line, f/p - steam dragon
Aim: a steam dragon (severely wounded, 68% to hit)
You shoot an arrow.
The arrow hits the steam dragon but does no damage.
You are engulfed in a cloud of scalding steam.
* * * LOW HITPOINT WARNING * * *
The steam dragon completely misses you.
The steam dragon misses you. ๐Ÿ˜ฑ HP[-6]
You take 6 damage, and now have 10/50 hp.
Shoot: a) +1 shortbow
Press: ? - help, Shift-Dir - straight line, f/p - steam dragon
Aim: a steam dragon (severely wounded, 68% to hit)
You shoot an arrow. The arrow hits the steam dragon!
You are engulfed in a cloud of scalding steam.
* * * LOW HITPOINT WARNING * * *
The steam dragon barely misses you. The steam dragon claws you.
You die...

Skill      XL: |  1  2  3  4  5 |
---------------+----------------+-----
Short Blades   | 1 |  1.7
Long Blades    | 1 |  1.7
Axes           | 1 |  1.7
Maces & Flails | 1 |  1.7
Polearms       | 1 |  1.7
Staves         | 1 |  1.7
Slings         | 1 |  1.7
Crossbows      | 1 |  1.7
Throwing       | 1 |  1.7
Armour         | 1 |  1.7
Shields        | 1 |  1.7
Unarmed Combat | 1 |  1.7
Spellcasting   | 1 |  1.7
Invocations    | 1 2 |  2.0
Evocations     | 1 |  1.7
Conjurations   | 1 |  1.3
Hexes          | 1 |  1.3
Summonings     | 1 |  1.3
Necromancy     | 1 |  1.3
Translocations | 1 |  1.3
Transmutations | 1 |  1.3
Fire Magic     | 1 |  1.3
Ice Magic      | 1 |  1.3
Air Magic      | 1 |  1.3
Earth Magic    | 1 |  1.3
Poison Magic   | 1 |  1.3
Fighting       | |  4.9
Bows           | |  8.7
Dodging        | |  4.9
Stealth        | |  2.9

Action                   |  1- 3 |  4- 6 || total
-------------------------+-------+-------++-------
 Fire: Shortbow          |    58 |   111 ||   169
  Use: Potion            |       |     2 ||     2
Armor: Leather armour    |     1 |     8 ||     9
Dodge: Dodged            |    15 |    45 ||    60

Levels and vault maps discovered:
D:1:      minmay_arrival_radiant_lines, layout_loops_ring
D:2:      layout_rooms, hellmonk_ecumenical_altar_slurped_away, serial_shops,
          nicolae_shop_stone, nrook_mini_backslash, minmay_misc_feat_rugged,
          kennysheep_big_empty_room, minmay_bisected
D:3:      layout_basic, jmf_multi_god_temple, minmay_misc_feat_four_crosses
D:4:      layout_basic, grunt_dithmenos_smoke

Notes
Turn   | Place    | Note
-------+----------+-------------------------------------------
     0 | D:1      | esteth the Gnoll Hunter began the quest for the Orb.
     0 | D:1      | Reached XP level 1. HP: 20/20 MP: 1/1
     0 | D:1      | magus.rc [v1.11.3]
    89 | D:1      | Reached XP level 2. HP: 11/26 MP: 2/2
   955 | D:2      | You pick up a book of Rime and begin reading...
   955 | D:2      | You add the spells Frozen Ramparts, Ice Form and Summon Ice
                  | Beast to your library.
   967 | D:2      | Found a faded altar of an unknown god.
   972 | D:2      | Reached XP level 3. HP: 31/31 MP: 3/3
   992 | D:2      | Reached skill level 1 in Short Blades
   992 | D:2      | Reached skill level 1 in Long Blades
   992 | D:2      | Reached skill level 1 in Axes
   992 | D:2      | Reached skill level 1 in Maces & Flails
   992 | D:2      | Reached skill level 1 in Polearms
   992 | D:2      | Reached skill level 1 in Staves
   992 | D:2      | Reached skill level 1 in Slings
   992 | D:2      | Reached skill level 1 in Crossbows
   992 | D:2      | Reached skill level 1 in Throwing
   992 | D:2      | Reached skill level 1 in Armour
   992 | D:2      | Reached skill level 1 in Shields
   992 | D:2      | Reached skill level 1 in Unarmed Combat
   992 | D:2      | Reached skill level 1 in Spellcasting
   992 | D:2      | Reached skill level 1 in Invocations
   992 | D:2      | Reached skill level 1 in Evocations
  1135 | D:2      | Identified the +9 spear of Wrongful Imprisonment
                  | {antimagic, Str+3 Dex+4}
  1186 | D:2      | Reached XP level 4. HP: 38/38 MP: 5/5
  1271 | D:2      | Found Ucutt's Magic Scroll Shop.
  1448 | D:3      | Found a white marble altar of Elyvilon.
  1448 | D:3      | Found an ancient bone altar of Kikubaaqudgha.
  1670 | D:3      | You pick up a book of Callings and begin reading...
  1670 | D:3      | You add the spells Summon Small Mammal, Call Canine
                  | Familiar and Summon Guardian Golem to your library.
  1924 | D:3      | Reached skill level 1 in Conjurations
  1924 | D:3      | Reached skill level 1 in Hexes
  1924 | D:3      | Reached skill level 1 in Summonings
  1924 | D:3      | Reached skill level 1 in Necromancy
  1924 | D:3      | Reached skill level 1 in Translocations
  1924 | D:3      | Reached skill level 1 in Transmutations
  1924 | D:3      | Reached skill level 1 in Fire Magic
  1924 | D:3      | Reached skill level 1 in Ice Magic
  1924 | D:3      | Reached skill level 1 in Air Magic
  1924 | D:3      | Reached skill level 1 in Earth Magic
  1924 | D:3      | Reached skill level 1 in Poison Magic
  1940 | D:3      | Reached XP level 5. HP: 38/43 MP: 5/7
  2435 | D:4      | Found a shadowy altar of Dithmenos.
  2463 | D:4      | You pick up a book of Dreams and begin reading...
  2463 | D:4      | You add the spells Ensorcelled Hibernation, Spider Form and
                  | Anguish to your library.
  2673 | D:4      | You pick up a book of Ice and begin reading...
  2673 | D:4      | You add the spells Freezing Cloud, Simulacrum and Polar
                  | Vortex to your library.
  2705 | D:4      | Reached skill level 2 in Invocations
  2705 | D:4      | Reached XP level 6. HP: 44/50 MP: 8/8
  2705 | D:4      | Noticed a steam dragon
  2718 | D:4      | HP: 8/50 [steam dragon/ball of steam (12)]
  2722 | D:4      | HP: 1/50 [steam dragon] (9)]
  2722 | D:4      | Slain by a steam dragon

Vanquished Creatures
  A scorpion (D:4)
  A hound (D:2)
  4 gnolls (D:3)
  4 adders
  3 worms
  3 dart slugs
  5 orcs (D:4)
  7 ball pythons
  2 endoplasms
  3 giant cockroaches
  7 goblins
  A hobgoblin (D:1)
  7 kobolds
  2 quokkas
  2 bats (D:3)
  5 frilled lizards
  3 rats
60 creatures vanquished.

Table legend:
 A = Non-vault XP
 B = Vault XP
 C = Vault XP percentage of total XP
 D = Non-vault monster count
 E = Vault monster count
 F = Vault count percentage of total count
                 A         B        C        D         E       F
            +---------+---------+-------+---------+---------+-------
      Total |     322 |       7 |   2.1 |      56 |       4 |   6.7
            +---------+---------+-------+---------+---------+-------
        D:1 |      20 |       0 |   0.0 |      13 |       0 |   0.0
        D:2 |      61 |       3 |   4.7 |       7 |       2 |  22.2
        D:3 |      99 |       4 |   3.9 |      22 |       2 |   8.3
        D:4 |     142 |       0 |   0.0 |      14 |       0 |   0.0
            +---------+---------+-------+---------+---------+-------

Illustrated notes

Table legend:
 A = Kills in this place as a percentage of kills in entire the game.
 B = Kills by you in this place as a percentage of kills by you in the entire game.
 C = Kills by friends in this place as a percentage of kills by friends in the entire game.
 D = Other kills in this place as a percentage of other kills in the entire game.
 E = Experience gained in this place as a percentage of experience gained in the entire game.
 F = Experience gained in this place divided by the number of levels of this place that you have seen.
                   A       B       C       D       E      F
               +-------+-------+-------+-------+-------+----------------------
         Total | 100.0 | 100.0 |   N/A |   N/A | 100.0 |  82.2
       Dungeon | 100.0 | 100.0 |   N/A |   N/A | 100.0 |  82.2
               +-------+-------+-------+-------+-------+----------------------

Table legend: (Time is in decaauts)
 A = Elapsed time spent in this place.
 B = Non-inter-level travel time spent in this place.
 C = Inter-level travel time spent in this place.
 D = Time resting spent in this place.
 E = Time spent auto-exploring this place.
 F = Levels seen in this place.
 G = Mean time per level.
                   A        B        C        D        E       F      G
               +--------+--------+--------+--------+--------+-----+--------+
         Total |   2740 |   2699 |     41 |      0 |   2348 |   4 |  685.0 |
       Dungeon |   2740 |   2699 |     41 |      0 |   2348 |   4 |  685.0 |
               +--------+--------+--------+--------+--------+-----+--------+

Top non-repeatable levels by time:
     D:3: 950 daAuts
     D:1: 826 daAuts
     D:2: 555 daAuts
     D:4: 408 daAuts
